 Seeded DCSS version 0.31-a0-236-g9a0961fb85 (webtiles) character file.

Game seed: 18191686743832931448 (custom seed)

278708 bmack86 the Slayer (level 19, -6/198 HPs)
             Began as a Minotaur Fighter on July 10, 2023.
             Was an Initiate of Gozag.
             Mangled by a vampire knight
             ... wielding a +2 great mace
              (19 damage)
             ... on level 2 of the Vaults.
             The game lasted 01:41:10 (32358 turns).

bmack86 the Slayer (Minotaur Fighter)              Turns: 32358, Time: 01:41:11

Health: -6/198     AC: 50    Str: 27    XL:     19   Next: 64%
Magic:  18/18      EV:  7    Int:  5    God:    Gozag
Gold:   11581      SH:  0    Dex: 21    Spells: 18/18 levels left

rFire   + + +        a - +4 broad axe (elec)
rCold   + + +        c - +2 shield of Resistance {rF++ rC++ Will++}
rNeg    . . .        b - +8 crystal plate armour
rPois   +            (helmet restricted)
rElec   +            f - +2 cloak
rCorr   +            e - +2 pair of gloves {Dex+3}
SInv    +            d - +3 pair of mountain boots {steadfast, rC+}
Will    +++..        r - amulet of Kaimugh {Reflect rPois Slay+6 SH+5} Stlth
                     U - ring of see invisible
HPRegen 0.53/turn    V - ring of Peace {Dex+6 Slay+5}
MPRegen 0.16/turn

%: reflection
@: confused, silenced, resistant, ambrosia-drunk, flayed, gold aura, slowed,
studying Staves, very slow
A: horns 2, retaliatory headbutt
}: 2/15 runes: serpentine, barnacled
a: Renounce Religion


You were on level 2 of the Vaults.
You worshipped Gozag.
Gozag was extremely pleased with you.
You visited 7 branches of the dungeon, and saw 33 of its levels.

You collected 16516 gold pieces.
You spent 3150 gold pieces at shops.
You paid 1785 gold pieces to Gozag.

Inventory:

Hand Weapons
 a - a +4 broad axe of electrocution (weapon)
Missiles
 k - 23 boomerangs (quivered)
 p - 8 silver boomerangs
 F - 13 javelins
 K - 7 throwing nets
 Z - 2 silver javelins
Armour
 b - a +8 crystal plate armour (worn)
 c - the +2 shield of Resistance (worn) {rF++ rC++ Will++}
   (You bought it in a shop on level 2 of the Orcish Mines)

   rF:        It greatly protects you from fire.
   rC:        It greatly protects you from cold.
   Will:      It greatly increases your willpower.
 d - the +3 pair of mountain boots (worn) {steadfast, rC+}
   (You found it on level 1 of the Lair of Beasts)

   Steadfast: It prevents involuntary movement, except for blinking,
   teleportation, or banishment.
   rC:        It protects you from cold.
 e - a +2 pair of gloves of dexterity (worn)
 f - a +2 cloak (worn)
 N - a +2 pair of boots of flying
Jewellery
 h - an amulet of regeneration
 i - the ring "Deumaw" {rN+ Str+5 Int+3 Stlth-}
   (You found it on level 1 of the Lair of Beasts)

   [ring of positive energy]

   Str:       It affects your strength (+5).
   Int:       It affects your intelligence (+3).
   rN:        It protects you from negative energy.
   Stlth:     It makes you less stealthy.
 j - a +4 ring of slaying
 r - the amulet of Kaimugh (around neck) {Reflect rPois Slay+6 SH+5}
   (You acquired it on level 2 of the Shoals)

   [amulet of reflection]

   It reflects blocked missile attacks.
   Slay:      It affects your accuracy & damage with ranged weapons and melee
   (+6).
   rPois:     It protects you from poison.
   SH:        It affects your SH (+5).
 M - a ring of resist corrosion
 Q - a ring of flight
 U - a ring of see invisible (left hand)
 V - the ring of Peace (right hand) {Dex+6 Slay+5}
   (You found it on level 1 of the Orcish Mines)

   [ring of dexterity]

   Dex:       It affects your dexterity (+6).
   Slay:      It affects your accuracy & damage with ranged weapons and melee
   (+5).
Wands
 n - a wand of flame (24)
 o - a wand of polymorph (6)
 z - a wand of digging (5)
 B - a wand of charming (10)
 I - a wand of mindburst (5)
 J - a wand of roots (13)
Scrolls
 m - 13 scrolls of teleportation
 u - 10 scrolls of immolation
 y - a scroll of fog
 A - 4 scrolls of summoning
 C - 3 scrolls of poison
 D - a scroll of revelation
 L - 4 scrolls of fear
 W - 7 scrolls of identify
Potions
 g - 8 potions of ambrosia
 l - 8 potions of lignification
 q - 6 potions of mutation
 s - 5 potions of enlightenment
 v - 3 potions of curing
 w - 3 potions of invisibility
 x - 2 potions of magic
 E - a potion of cancellation
 R - 2 potions of resistance
 S - a potion of haste
 Y - 6 potions of might


   Skills:
 * Level 24.2 Fighting
 + Level 20.3 Axes
 - Level 10.0 Throwing
 + Level 23.5 Armour
 - Level 10.0 Shields
 - Level 8.0 Evocations


You had 18 spell levels left.
You didn't know any spells.
Your spell library contained the following spells:

 Spells                   Type           Power      Damage    Failure   Level
 Apportation              Tloc           0%         N/A       100%        1
 Beastly Appendage        Tmut           0%         N/A       100%        1
 Foxfire                  Conj/Fire      0%         2x1d4     100%        1
 Freeze                   Ice            0%         1d3       100%        1
 Necrotise                Necr           0%         1d4       100%        1
 Summon Small Mammal      Summ           0%         N/A       100%        1
 Scorch                   Fire           0%         2d5       100%        2
 Searing Ray              Conj           0%         2d4       100%        2
 Wereblood                Tmut           0%         N/A       100%        2
 Mephitic Cloud           Conj/Pois/Air  0%         N/A       100%        3
 Ozocubu's Armour         Ice            0%         N/A       100%        3
 Spider Form              Tmut/Pois      0%         N/A       100%        3
 Vhi's Electric Charge    Tloc/Air       0%         N/A       100%        3
 Anguish                  Hex/Necr       0%         N/A       100%        4
 Cause Fear               Hex            0%         N/A       100%        4
 Flame Wave               Conj/Fire      0%         2d4       100%        4
 Arcjolt                  Conj/Air       0%         1d10      100%        5
 Fireball                 Conj/Fire      0%         3d3       100%        5
 Metabolic Englaciation   Hex/Ice        0%         N/A       100%        5
 Summon Forest            Summ/Tloc      0%         N/A       100%        5
 Summon Mana Viper        Hex/Summ       0%         N/A       100%        5
 Plasma Beam              Fire/Air       0%         2x1d10    100%        6
 Starburst                Conj/Fire      0%         6d3       100%        6
 Summon Cactus Giant      Summ           0%         N/A       100%        6
 Enfeeble                 Hex            0%         N/A       100%        7
 Haunt                    Necr/Summ      0%         N/A       100%        7
 Infestation              Necr           0%         N/A       100%        8
 Maxwell's Capacitive Co  Air            0%         ∞         100%        8
 Animate Dead             Necr           Unusable   N/A       N/A         4
 Simulacrum               Ice/Necr       Unusable   N/A       N/A         6

Dungeon Overview and Level Annotations

Branches:
Dungeon (15/15)            Temple (1/1) D:4            Lair (5/5) D:8
 Shoals (4/4) Lair:3        Snake (4/4) Lair:2        Slime (0/5) Lair:4
    Orc (2/2) D:9             Elf (0/3) Orc:2        Vaults (2/5) D:13
 Depths (0/4) D:15
  Crypt: Vaults:2-3

Altars:
Ashenzari
Cheibriados
Dithmenos
Elyvilon
Fedhas
Gozag
Hepliaklqana
Kikubaaqudgha
Makhleb
Nemelex Xobeh
Okawaru
Qazlal
Ru
Sif Muna
Trog
Uskayaw
Vehumet
Wu Jian
Xom
Yredelemnul
Zin
The Shining One
Jiyva

Shops:
D:9 ?   D:13 :   Orc:1 *   Orc:2 [=:*(   Shoals:1 (   Shoals:3 [   Vaults:2 (

Annotations:
Snake:2 1 transporter, Vashnia


Innate Abilities, Weirdness & Mutations

You have a pair of horns on your head.
You reflexively headbutt those who attack you in melee.


Message History

You block the jiangshi's attack. x2; The vampire knight barely misses you.
You furiously retaliate!
You headbutt the vampire knight.
The vampire knight bites you but does no damage.
The curse skull rattles its jaw silently.
The jiangshi claws you.
* * * LOW HITPOINT WARNING * * *
The jiangshi draws strength from your injuries!
You block the jiangshi's attack. The shadow wraith hits you!
* * * LOW HITPOINT WARNING * * *
The vampire knight barely misses you.
The vampire knight bites you but does no damage.
Okay, then.
You feel much better.
The jiangshi disappears in a puff of smoke!
The shadow disappears in a puff of smoke!
The curse skull calls on the powers of darkness!
Your body is wracked with pain!
* * * LOW HITPOINT WARNING * * *
The vampire knight hits you but does no damage.
The vampire knight bites you but does no damage.
The shadow wraith hits you but does no damage.
You block the vampire knight's attack.
The vampire knight bites you but does no damage.
You are confused.
You feel invigorated.
The vampire knight hits you but does no damage.
The vampire knight bites you but does no damage.
The curse skull calls on the powers of darkness!
Your body is wracked with pain!
* * * LOW HITPOINT WARNING * * *
The shadow wraith hits you but does no damage.
The phantasmal warrior gestures at you.
The phantasmal warrior blinks!
The flayed ghost gestures obscenely.
The flayed ghost stares at you with tortured malice.
Terrible wounds open up all over your body!
* * * LOW HITPOINT WARNING * * *
The vampire knight hits you with a +2 great mace!!
You die...
Your body crumbles into a pile of gold.

...# #....# #...#... ...#
#....#...8 #...#... <..#
#....#?..# # #...#..> ...#
#....#..W# . . #...#... ...#
#....#...##.##.. #...###' ####
#....#W..8#.#8.. #...#... .#
#....#.§WZZ......#...#.#. .#
#....#.#zVn....#.#...#... .#
#....#..@WM......'...#'## .#
#..####'########'#...#... .#
#..#.............'...'.#. .#
#..#.#.#.#.#.#.#.#...#... .#
#..#.............#...###'
'########..#.............'...#
.
...........#.#.#.#.#.#.#.#...#
...........#.............#...#
...........###############...#


You could see a vampire knight (fast), a flayed ghost (summoned, unsilenced), a
shadow wraith (summoned, invisible), a curse skull (unsilenced), a phantasmal
warrior (summoned), a freezing wraith (summoned), a spectral ettin (summoned), a
necrophage (summoned), a mummy (summoned) and a vault guard zombie (summoned).

Vanquished Creatures
  Saint Roka (Orc:2)
  Margery (Vaults:2)
  Nikola (Vaults:2)
  Jorgrun (D:12)
  Rupert (Lair:5)
  Asterion (Snake:2)
  Frances (Snake:1)
  A tengu reaver (Vaults:2)
  3 vault wardens
  A fire giant (Vaults:1)
  7 nagarajas
  Aizul (Snake:2)
  2 formless jellyfish
  A very ugly thing (D:15)
  7 ironbound preservers
  Nessos (Orc:2)
  An ironbound thunderhulk (Vaults:2)
  2 eleionomae (Shoals:4)
  Azrael (D:14)
  An eidolon (Vaults:2)
  11 dire elephants (Vaults:1)
  6 merfolk impalers
  4 merfolk javelineers (Shoals:4)
  An entropy weaver (Vaults:2)
  Harold (Orc:1)
  5 yaktaur captains
  Josephine (D:11)
  A rakshasa (D:15)
  The ghost of Jylod the Skirmisher, a journeyman TeHu of Okawaru (Orc:1)
  8 hydras
  A peacekeeper (Vaults:1)
  A great orb of eyes (D:15)
  7 vault guards
  2 catoblepae (Lair:5)
  4 ironbound frosthearts (Vaults:1)
  2 salamander tyrants (Snake:4)
  2 merfolk avatars
  2 ogre magi (D:15)
  13 two-headed ogres
  8 anacondas
  10 naga warriors
  7 centaur warriors
  5 merfolk aquamancers
  5 boulder beetles
  5 satyrs
  3 death yaks (Lair:5)
  3 alligator snapping turtles
  Urug (D:10)
  An orc high priest (Orc:2)
  21 naga sharpshooters
  Amaemon (Lair:1)
  5 shock serpents
  4 hell knights (Vaults:2)
  2 skysharks
  A salamander mystic (Snake:4)
  4 skeletal warriors
  Nergalle (Orc:1)
  20 deep trolls
  12 sea snakes
  6 lindwurms
  An orange crystal statue (Lair:1)
  3 wizards
  5 orc knights
  5 naga ritualists
  37 harpies
  Pikel (D:5)
  5 ironbound convokers
  2 deep elf pyromancers
  An oklob plant (Lair:3)
  11 mana vipers
  17 ugly things
  A necromancer (D:13)
  26 manticores
  24 fauns
  5 orc sorcerers
  A manticore (shapeshifter) (D:15)
  6 cyclopes
  14 elephants
  9 salamanders
  7 merfolk sirens
  Joseph (D:8)
  27 naga magi
  A black mamba (shapeshifter) (D:15)
  4 torpor snails
  27 black mambas
  11 cane toads
  A gargoyle (D:11)
  12 water nymphs
  2 guardian serpents (Snake:4)
  4 vault sentinels
  An orange demon (Lair:1)
  5 rime drakes
  2 kobold demonologists
  2 tengu conjurers (D:15)
  14 komodo dragons
  An efreet (D:15)
  9 yaktaurs
  5 trolls
  A queen bee (Lair:1)
  23 merfolk
  5 polar bears
  Grinder (D:3)
  16 blink frogs
  8 dream sheep
  7 wind drakes
  8 snapping turtles
  9 slime creatures
  8 water elementals
  Sigmund (D:3)
  67 yaks
  A vampire (D:9)
  2 fire elementals (D:14)
  A culicivora (Vaults:2)
  4 wraiths (D:11)
  3 wyverns
  20 humans (D:13)
  3 steam dragons
  2 basilisks
  5 neqoxecs (Orc:1)
  3 wargs (Orc:2)
  9 vampire mosquitoes
  42 nagas
  The ghost of timneilson the Covered, an amateur GrFi (D:6)
  2 acid dragons
  11 water moccasins
  4 hell hounds (D:14)
  An ice beast (D:7)
  30 orc warriors
  A black bear (D:6)
  10 ogres
  5 boggarts (D:12)
  12 centaurs
  9 wolves
  2 phantoms
  A lemure (D:5)
  3 kobold brigands
  Blork the orc (D:6)
  14 bullfrogs
  A gnoll sergeant (D:12)
  2 scorpions (D:6)
  6 wights
  33 killer bees
  2 howler monkeys (D:9)
  4 electric eels
  2 quasits (Orc:1)
  3 hounds
  A gnoll bouda (D:9)
  Crazy Yiuf (D:7)
  19 orc priests
  A jelly (D:7)
  Terence (D:3)
  A sleepcap (D:5)
  7 hell rats (Lair:2)
  6 iguanas
  27 orc wizards
  12 gnolls
  7 adders
  14 river rats (Lair:2)
  2 white imps
  2 ufetubi
  5 worms
  4 dart slugs
  92 orcs
  4 ball pythons
  6 endoplasms
  2 giant cockroaches (D:3)
  12 goblins
  6 hobgoblins
  11 jackals
  21 kobolds
  8 quokkas
  3 training dummies (Shoals:1)
  7 bats
  8 frilled lizards
  12 rats
1255 creatures vanquished.

Vanquished Creatures (collateral kills)
  A gnoll (D:4)
1 creature vanquished.

Vanquished Creatures (others)
  An orc sorcerer (Orc:2)
  A naga mage (Snake:4)
  An orc wizard (Orc:2)
  An orc (Orc:1)
4 creatures vanquished.

Grand Total: 1260 creatures vanquished

Notes
Turn   | Place    | Note
-------+----------+-------------------------------------------
     0 | D:1      | bmack86 the Minotaur Fighter began the quest for the Orb.
     0 | D:1      | Reached XP level 1. HP: 19/19 MP: 0/0
    73 | D:1      | Found a faded altar of an unknown god.
    76 | D:1      | Got Plato's Folio of the Chill
   183 | D:1      | Reached XP level 2. HP: 26/26 MP: 1/1
   613 | D:2      | Reached XP level 3. HP: 31/31 MP: 2/2
   882 | D:2      | Reached skill level 5 in Axes
   988 | D:2      | Found a broken altar of Ashenzari.
  1110 | D:2      | Reached XP level 4. HP: 39/39 MP: 3/3
  1572 | D:3      | Noticed Grinder
  1572 | D:3      | Noticed Terence
  1666 | D:3      | Noticed Sigmund
  1779 | D:3      | Killed Sigmund
  1780 | D:3      | Reached XP level 5. HP: 42/45 MP: 4/4
  1976 | D:3      | Reached XP level 6. HP: 51/51 MP: 5/5
  2141 | D:3      | Killed Terence
  2249 | D:3      | Paralysed by Grinder for 3 turns
  2264 | D:3      | Killed Grinder
  2265 | D:3      | Reached XP level 7. HP: 38/57 MP: 6/6
  2449 | D:4      | Found a staircase to the Ecumenical Temple.
  2465 | Temple   | Entered the Ecumenical Temple
  2493 | Temple   | Became a worshipper of Gozag Ym Sagoz the Greedy
  2652 | D:4      | Reached skill level 5 in Armour
  3227 | D:5      | Entered Level 5 of the Dungeon
  3295 | D:5      | Reached skill level 10 in Axes
  3565 | D:5      | Reached XP level 8. HP: 62/64 MP: 7/7
  3813 | D:5      | Noticed Pikel
  3825 | D:5      | HP: 2/64 [Pikel/+1 whip of electrocution (18)]
  3830 | D:5      | Killed Pikel
  4166 | D:6      | Noticed Blork the orc
  4176 | D:6      | Killed Blork the orc
  4499 | D:6      | Reached XP level 9. HP: 70/70 MP: 8/8
  4545 | D:6      | Found a runed translucent door.
  4567 | D:6      | Noticed timneilson's ghost (amateur GrFi)
  4577 | D:6      | Killed timneilson's ghost
  5257 | D:7      | Found a runed translucent door.
  5258 | D:7      | Noticed Crazy Yiuf
  5264 | D:7      | Killed Crazy Yiuf
  5642 | D:8      | Found a staircase to the Lair.
  5951 | D:8      | Noticed Joseph
  5974 | D:8      | Killed Joseph
  6130 | D:8      | Reached XP level 10. HP: 49/77 MP: 9/9
  6349 | D:8      | Found a bloodstained altar of Trog.
  6677 | D:8      | Reached skill level 10 in Armour
  6842 | D:9      | Found Dikh's Magic Scroll Boutique.
  6846 | D:9      | Bought a scroll of identify for 26 gold pieces
  6846 | D:9      | Bought a scroll of noise for 13 gold pieces
  6846 | D:9      | Bought a scroll of identify for 26 gold pieces
  6846 | D:9      | Bought a scroll of torment for 123 gold pieces
  6846 | D:9      | Bought a scroll of identify for 26 gold pieces
  6901 | D:9      | Identified the +3 scimitar "Killer Bee's Death" {flame,
                  | Int+3 SInv}
  7090 | D:9      | Reached skill level 15 in Axes
  7170 | D:9      | Found a staircase to the Orcish Mines.
  7539 | D:9      | Noticed a two-headed ogre
  7549 | D:9      | Killed a two-headed ogre
  7701 | D:9      | Found an ornate altar of the Wu Jian Council.
  7701 | D:9      | Found a sacrificial altar of Ru.
  7704 | D:9      | Noticed a two-headed ogre
  7738 | D:9      | Killed a two-headed ogre
  7739 | D:9      | Reached XP level 11. HP: 60/82 MP: 10/10
  7822 | D:9      | Noticed a deep elf pyromancer
  7822 | D:9      | Noticed a centaur warrior
  7844 | D:9      | Killed a deep elf pyromancer
  7847 | D:9      | Killed a centaur warrior
  8055 | D:10     | Entered Level 10 of the Dungeon
  8654 | D:10     | Noticed Urug
  8663 | D:10     | Killed Urug
  8664 | D:10     | Found a glowing golden altar of the Shining One.
  8816 | D:10     | Noticed a two-headed ogre
  8822 | D:10     | Killed a two-headed ogre
  8936 | D:10     | Identified the amulet of Lacaugaj {Acrobat Str+2}
  9318 | D:11     | Found a radiant altar of Vehumet.
  9376 | D:11     | Noticed Josephine
  9377 | D:11     | Noticed a boulder beetle
  9385 | D:11     | Killed Josephine
  9386 | D:11     | Reached skill level 4 in Fighting
  9401 | D:11     | Killed a boulder beetle
  9402 | D:11     | Reached skill level 5 in Fighting
  9566 | D:11     | Noticed a two-headed ogre
  9570 | D:11     | Killed a two-headed ogre
  9571 | D:11     | Reached XP level 12. HP: 81/94 MP: 11/11
  9595 | D:11     | Noticed a two-headed ogre
  9614 | D:11     | Killed a two-headed ogre
  9615 | D:11     | Reached skill level 6 in Fighting
  9615 | D:11     | Reached skill level 5 in Shields
  9859 | D:12     | Reached skill level 7 in Fighting
  9903 | D:12     | Noticed Jorgrun
  9923 | D:12     | Killed Jorgrun
 10021 | D:12     | Reached skill level 8 in Fighting
 10074 | D:12     | Reached skill level 9 in Fighting
 10136 | D:12     | Identified the +4 flail of Moraossy {drain, Stlth+}
 10289 | D:12     | Found a bloodstained altar of Trog.
 10535 | D:13     | Reached skill level 15 in Armour
 10567 | D:13     | Noticed a centaur warrior
 10643 | D:13     | Found Asheupet's Book Boutique.
 10651 | D:12     | Killed a centaur warrior
 10652 | D:12     | Reached skill level 10 in Fighting
 10775 | D:13     | Noticed a boulder beetle
 10800 | D:13     | Killed a boulder beetle
 10922 | D:13     | Reached skill level 1 in Throwing
 10923 | D:13     | Reached XP level 13. HP: 107/114 MP: 12/12
 10998 | D:13     | Found a gate to the Vaults.
 11005 | D:13     | Reached skill level 11 in Fighting
 11292 | D:14     | Noticed Azrael
 11299 | D:14     | Killed Azrael
 11440 | D:14     | Reached skill level 12 in Fighting
 12013 | D:15     | Entered Level 15 of the Dungeon
 12110 | D:15     | Reached skill level 13 in Fighting
 12155 | D:15     | Reached skill level 5 in Throwing
 12646 | D:15     | Noticed a red very ugly thing
 12668 | D:15     | Killed a red very ugly thing
 12673 | D:15     | Reached XP level 14. HP: 130/130 MP: 13/13
 12679 | D:15     | Reached skill level 14 in Fighting
 12797 | D:15     | Found a staircase to the Depths.
 13235 | Lair:1   | Entered Level 1 of the Lair of Beasts
 13300 | Lair:1   | Noticed Amaemon
 13314 | Lair:1   | Killed Amaemon
 13337 | Lair:1   | Identified the ring "Deumaw" {rN+ Str+5 Int+3 Stlth-}
 13535 | Lair:1   | Found the +3 pair of mountain boots {steadfast, rC+}
 13562 | Lair:1   | Identified the staff of Sequestration {*Slow rElec rPois
                  | rC++ Will- Air}
 14525 | Lair:2   | Found a staircase to the Snake Pit.
 15258 | Lair:3   | Reached skill level 15 in Fighting
 15420 | Lair:3   | Found a staircase to the Shoals.
 15443 | Lair:3   | Identified the ring "Riurch" {rN+ Will+ EV+5 Str-2}
 15701 | Lair:3   | Found a shimmering blue altar of Sif Muna.
 16175 | Lair:4   | Reached XP level 15. HP: 141/141 MP: 14/14
 16799 | Lair:4   | Identified the +2 robe of the Harvest {Stlth+}
 17035 | Lair:4   | Found a viscous altar of Jiyva.
 17037 | Lair:4   | Found a staircase to the Slime Pits.
 17119 | Lair:5   | Entered Level 5 of the Lair of Beasts
 17493 | Lair:5   | Noticed Rupert
 17503 | Lair:5   | Paralysed by Rupert for 2 turns
 17510 | Lair:5   | Killed Rupert
 17861 | Lair:5   | Reached skill level 16 in Fighting
 18270 | Orc:1    | Entered Level 1 of the Orcish Mines
 18465 | Orc:1    | Noticed Jylod's ghost (journeyman TeHu)
 18484 | Orc:1    | Noticed Harold
 18485 | Orc:1    | Found a transporter.
 18497 | Orc:1    | Killed Harold
 18505 | Orc:1    | Found Ceadghyma's Assorted Antiques.
 18522 | Orc:1    | Bought a scroll of enchant armour for 172 gold pieces
 18522 | Orc:1    | Bought a scroll of identify for 46 gold pieces
 18577 | Orc:1    | Found a transporter.
 18747 | Orc:2    | Entered Level 2 of the Orcish Mines
 18906 | Orc:2    | Noticed Saint Roka
 18969 | Orc:2    | Killed Saint Roka
 19037 | Orc:2    | Paralysed by an orc sorcerer for 3 turns
 19138 | Orc:1    | Noticed Nergalle
 19149 | Orc:1    | Killed Nergalle
 19291 | Orc:2    | Noticed Nessos
 19308 | Orc:2    | Killed Nessos
 19445 | Orc:2    | Found Jutatyst's General Store.
 19455 | Orc:2    | Bought a potion of might for 72 gold pieces
 19497 | Orc:2    | Found Xeokur's Antique Weapon Shop.
 19515 | Orc:2    | Found Lyamuuho's Antique Armour Shop.
 19517 | Orc:2    | Found Rebbymum's Jewellery Shop.
 19542 | Orc:2    | Bought the +2 shield of Resistance {rF++ rC++ Will++} for
                  | 2256 gold pieces
 19542 | Orc:2    | Found the +2 shield of Resistance {rF++ rC++ Will++}
 19567 | Orc:2    | Found a staircase to the Elven Halls.
 19590 | Orc:2    | Found Niodghea's Vocational Training.
 19931 | Orc:1    | Killed Jylod's ghost
 19939 | Orc:1    | Got the ring of Peace {Dex+6 Slay+5}
 20088 | Snake:1  | Entered Level 1 of the Snake Pit
 20098 | Snake:1  | Reached skill level 10 in Throwing
 20131 | Snake:1  | Reached XP level 16. HP: 152/152 MP: 15/15
 20587 | Snake:1  | Noticed Frances
 20600 | Snake:1  | Killed Frances
 20623 | Snake:1  | Identified the +0 robe of a sewer {rC- Str+5}
 20875 | Snake:2  | Reached skill level 17 in Fighting
 20875 | Snake:2  | Reached skill level 1 in Evocations
 20923 | Snake:2  | Noticed Aizul
 20938 | Snake:2  | Killed Aizul
 21020 | Snake:2  | Noticed Vashnia
 21241 | Snake:2  | Noticed Asterion
 21251 | Snake:2  | Killed Asterion
 21334 | Snake:2  | Found a shimmering blue altar of Sif Muna.
 21513 | Snake:2  | Identified the +7 quarterstaff of Chaos {freeze, Dex+2}
 21666 | Snake:2  | Found a transporter.
 21928 | Snake:3  | Reached skill level 10 in Shields
 22490 | Snake:4  | Entered Level 4 of the Snake Pit
 22593 | Snake:4  | Identified a scroll of acquirement
 22594 | Snake:4  | Acquired 1045 gold pieces
 22608 | Snake:4  | Found an opulent altar of Gozag.
 23214 | Snake:4  | Reached XP level 17. HP: 146/163 MP: 16/16
 23432 | Snake:4  | Reached skill level 18 in Fighting
 23460 | Snake:4  | Reached skill level 5 in Evocations
 24330 | Snake:4  | Got a serpentine rune of Zot
 24472 | Shoals:1 | Entered Level 1 of the Shoals
 24930 | Shoals:1 | Found Keggol Elie's Firing Range.
 24940 | Shoals:1 | Bought 5 silver boomerangs for 390 gold pieces
 25479 | Shoals:2 | Reached skill level 19 in Fighting
 25788 | Shoals:2 | Acquired the amulet of Kaimugh {Reflect rPois Slay+6 SH+5}
 26490 | Shoals:3 | Reached skill level 20 in Fighting
 26717 | Shoals:3 | Found Zifauph's Antique Armour Shoppe.
 26882 | Shoals:3 | Reached XP level 18. HP: 145/178 MP: 17/17
 27694 | Shoals:4 | Entered Level 4 of the Shoals
 27970 | Shoals:4 | Reached skill level 21 in Fighting
 28056 | Shoals:4 | Identified the +6 sling of Res Judicata {flame, Int+4}
 28478 | Shoals:4 | Got a barnacled rune of Zot
 28638 | Shoals:4 | Identified the +4 long sword of Division {flame, Int+3}
 28737 | Shoals:4 | Reached skill level 22 in Fighting
 28776 | Shoals:4 | Identified the ring of the Sunfish {rF+ rC- rN+ Dex+4}
 29574 | Vaults:1 | Entered Level 1 of the Vaults
 29848 | Vaults:1 | Reached skill level 23 in Fighting
 29984 | Vaults:1 | Got the Volume of the Mantidfly
 30093 | Vaults:1 | Reached XP level 19. HP: 195/195 MP: 18/18
 30275 | Vaults:1 | Identified the +1 robe of Honour {Harm Dex+7 Stlth-}
 30315 | Vaults:1 | Identified the +0 pair of gloves "Jiamn" {rPois rCorr MP-9
                  | SInv}
 31466 | Vaults:2 | Found Woen's Antique Weapon Shop.
 31720 | Vaults:2 | Noticed Margery
 31734 | Vaults:2 | Killed Margery
 31735 | Vaults:2 | Reached skill level 24 in Fighting
 31955 | Vaults:2 | Noticed Nikola
 31968 | Vaults:2 | Killed Nikola
 32358 | Vaults:2 | Mangled by a vampire knight

Illustrated notes

Levels and vault maps discovered:
D:1:      eino_arrival_druids_welcome, layout_rooms,
          shapermc_ecumenical_altar_rom_forum
D:2:      layout_basic, basic_altar, minmay_bisected
D:3:      layout_rooms, hangedman_decor_lopped, uniq_grinder, uniq_terence,
          uniq_sigmund
D:4:      layout_rooms, minmay_temple_entry_stoned_glass
D:5:      layout_basic, kennysheep_big_empty_room,
          ebering_dispersal_statue_hall, uniq_pikel
D:6:      layout_loops_cross, ebering_ghost_reflecting_pool, uniq_blork_the_orc
D:7:      layout_cave_pools, serial_column_ruins, column_ruins_open_tiny,
          column_ruins_grid_4, column_ruins_open_small,
          column_ruins_columns_straight, column_ruins_grid_4,
          dreamdust_princess_bridge, uniq_crazy_yiuf_cottage
D:8:      layout_basic, mainiacjoe_overflow_surrounded_room, lair_entry_dummy,
          uniq_joseph
D:9:      cheibrodos_barr_body, layout_rooms, jmf_multi_god_temple, david_orc_5,
          serial_corexii_hall, corexii_hall_statues_u, corexii_hall_statues_i,
          corexii_hall_statues_s, corexii_hall_statues_u, serial_shops,
          nicolae_shop_rolled_up, dreamdust_gnoll_shepherd
D:10:     layout_loops_ring, mainiacjoe_overflow_alcove_2, uniq_urug
D:11:     layout_roguey, nicolae_vehumet_altar_sigil, uniq_josephine
D:12:     layout_gridville, minmay_misc_feat_room, trog_butcher_becter,
          uniq_jorgrun
D:13:     layout_cave_pools, grunt_vaults_entry_tiered, serial_shops, shop
D:14:     layout_irregular_city, chequers_arboretum, grunt_ministairs_6,
          uniq_azrael
D:15:     gammafunk_enter_depths_forms, layout_basic
Temple:   regret_index_temple_chain_breaker
Lair:1:   statuecave_lemuel, layout_cave_pods, special_room [special_room_bee],
          uniq_amaemon
Lair:2:   lemuel_ratsnest, layout_regular_city, guppyfry_snake_entry_garden,
          st_stairs_3
Lair:3:   layout_loops_ring, elwin_shoals_entry_rocks, nicolae_lair_lil_pond,
          lemuel_oklob_altar
Lair:4:   layout_roguey, dpeg_slime_entry_corner, serial_rivers,
          chequers_serial_rivers_small_a, chequers_serial_rivers_micro_e,
          chequers_serial_rivers_large_b, chequers_serial_rivers_micro_d,
          guppyfry_lair_drakes
Lair:5:   hangedman_lair_in_review, layout_gridlike,
          nicolae_lair_grove_arrangements, pond, uniq_rupert
Shoals:1: nicolae_shoals_aurelia_aurita, layout_shoals,
          nicolae_shop_firing_range
Shoals:2: layout_shoals, nicolae_shoals_circle_sea_wall
Shoals:3: layout_shoals, serial_shops, shop_statue
Shoals:4: shoals_end_simple, layout_shoals, nicolae_shoals_enchanted_isle
Snake:1:  layout_misc_corridors, serial_bayou_shore_a, uniq_frances
Snake:2:  gammafunk_sealed_library, layout_grid_shapes, uniq_asterion,
          uniq_vashnia, uniq_aizul
Snake:3:  layout_rooms
Snake:4:  snake_pit, layout_cave_town, basic_altar, grunt_ministairs_13,
          grunt_megastairs_1
Orc:1:    layout_caves, serial_shops, nicolae_shop_overgrown_old_shop,
          gammafunk_ghost_stat_death, uniq_harold, uniq_nergalle
Orc:2:    grunt_orc_cross, layout_caves, basic_altar, nicolae_shop_vocational,
          uniq_nessos
Vaults:1: v_rooms_4, nicolae_vaults_trapezoid_2,
          nicolae_vaults_shipping_containers_5, v_alt_pattern_2,
          nicolae_vaults_two_Ls, nicolae_vaults_turnstiles,
          vaults_room_grunt_arrival_checkpoint, nicolae_vaults_diamond_2,
          nicolae_vaults_sealed_display, layout_vaults_big_room
Vaults:2: v_misc_30, nicolae_vaults_variable_pillar_hall, v_alt_pattern_2,
          minmay_crypt_entry_simple_statues, nicolae_vaults_little_squares_1,
          nicolae_vaults_tetromino_T_1, layout_vaults_quadrants, serial_shops,
          shop, uniq_nikola, uniq_margery

Skill      XL: |  1  2  3  4  5  6  7  8  9 10 11 12 13 14 15 16 17 18 19 |
---------------+----------------------------------------------------------+-----
Axes           | 3 4 5 7 8 10 12 14 16 18 19 20 | 20.3
Armour         | 4 6 7 9 11 14 15 16 18 20 22 23 | 23.5
Fighting       | 5 10 13 15 16 17 20 23 24 | 24.2
Shields        | 4 7 8 10 | 10.0
Throwing       | 1 5 8 10 | 10.0
Evocations     | 4 8 |  8.0

Action                     |  1- 3 |  4- 6 |  7- 9 | 10-12 | 13-15 | 16-18 | 19-21 || total
---------------------------+-------+-------+-------+-------+-------+-------+-------++-------
  Melee: War axe           |    76 |    82 |   315 |   337 |       |       |       ||   810
         Headbutt          |    13 |     7 |    53 |   111 |   213 |   254 |    61 ||   712
         Broad axe         |       |       |       |   177 |   848 |   929 |   174 ||  2128
  Throw: Boomerang         |    12 |       |     2 |    10 |    46 |    62 |       ||   132
         Javelin           |       |       |       |       |       |     2 |       ||     2
 Invoke: Potion Petition   |       |       |       |     1 |     1 |     1 |       ||     3
  Evoke: Wand              |       |       |       |     1 |       |     2 |     1 ||     4
    Use: Scroll            |     5 |     2 |     9 |     8 |     6 |     8 |     5 ||    43
         Potion            |       |       |     2 |     7 |     5 |     3 |     5 ||    22
   Stab: Distracted        |       |       |     4 |       |     8 |    12 |     1 ||    25
         Invisible         |       |       |       |       |     5 |       |       ||     5
 Armour: Scale mail        |    38 |    27 |       |       |       |       |       ||    65
         Crystal plate arm |       |    21 |   297 |   455 |   724 |   818 |   115 ||  2430
  Dodge: Dodged            |    36 |    20 |    77 |   175 |   289 |   247 |    41 ||   885
  Block: Buckler           |    20 |    28 |    77 |   117 |   216 |       |       ||   458
         Kite shield       |       |       |       |       |    34 |  1049 |   201 ||  1284
         Reflection        |       |       |       |       |       |    69 |    26 ||    95

Table legend: (Time is in decaauts)
 A = Elapsed time spent in this place.
 B = Non-inter-level travel time spent in this place.
 C = Inter-level travel time spent in this place.
 D = Time resting spent in this place.
 E = Time spent auto-exploring this place.
 F = Levels seen in this place.
 G = Mean time per level.
                   A        B        C        D        E       F      G
               +--------+--------+--------+--------+--------+-----+--------+
         Total |  31805 |  30359 |   1446 |   1213 |  17912 |  33 |  963.8 |
       Dungeon |  13105 |  12409 |    696 |    477 |   7828 |  15 |  873.7 |
        Temple |    169 |    154 |     15 |      0 |    113 |   1 |  169.0 |
          Lair |   5060 |   4705 |    355 |     51 |   3045 |   5 | 1012.0 |
        Shoals |   4824 |   4672 |    152 |    151 |   2639 |   4 | 1206.0 |
     Snake Pit |   4250 |   4130 |    120 |    476 |   1762 |   4 | 1062.5 |
  Orcish Mines |   1662 |   1627 |     35 |     58 |    672 |   2 |  831.0 |
        Vaults |   2732 |   2661 |     71 |      0 |   1853 |   2 | 1366.0 |
               +--------+--------+--------+--------+--------+-----+--------+

Top non-repeatable levels by time:
Shoals:4: 1611 daAuts
 Snake:4: 1588 daAuts
Vaults:2: 1458 daAuts
Vaults:1: 1273 daAuts
     D:9: 1261 daAuts
Shoals:3: 1237 daAuts
     D:2: 1160 daAuts
    D:15: 1077 daAuts
Shoals:2: 1070 daAuts
     D:7: 1069 daAuts
  Lair:1: 1067 daAuts
  Lair:2: 1030 daAuts
  Lair:4: 1026 daAuts
  Lair:5: 1003 daAuts
     D:8: 952 daAuts
